 Dungeon Crawl Stone Soup version 0.31-a0-188-g5e087ee2ca (webtiles) character file.

Game seed: 15231729010827825439

23 qw the Shooter (level 2, 0/16 HPs)
             Began as a Deep Elf Hunter on June 23, 2023.
             Constricted to death by a ball python (1 damage)
             ... on level 1 of the Dungeon.
             The game lasted 00:00:09 (219 turns).

qw the Shooter (Deep Elf Hunter)                     Turns: 219, Time: 00:00:09

Health: 0/16       AC:  3    Str:  8    XL:     2   Next: 72%
Magic:  4/4        EV:  9    Int: 13    God:
Gold:   48         SH:  0    Dex: 18    Spells: 1/1 levels left

rFire   . . .        a - +0 shortbow
rCold   . . .        (shield currently unavailable)
rNeg    . . .        c - +0 leather armour
rPois   .            (no helmet)
rElec   .            (no cloak)
rCorr   .            (no gloves)
SInv    .            (no boots)
Will    .....        (no amulet)
Stlth   ++           (no ring)
HPRegen 0.22/turn    (no ring)
MPRegen 0.09/turn

%: no passive effects
@: constricted
A: no striking features
a: no special abilities


You were on level 1 of the Dungeon.
You visited 1 branch of the dungeon, and saw 1 of its levels.

You collected 48 gold pieces.


   Skills:
 - Level 1.5 Fighting
 + Level 6.4 Ranged Weapons
 - Level 2.4 Dodging
 - Level 1.2 Stealth


You had one spell level left.
You didn't know any spells.
Your spell library was empty.

Inventory:

Hand Weapons
 a - a +0 shortbow (weapon)
Armour
 c - a +0 leather armour (worn)
Scrolls
 b - a scroll of butterflies
 e - a scroll of identify {unknown}
Potions
 d - 2 potions of curing {unknown}

Dungeon Overview and Level Annotations

Branches:
Dungeon (1/15)

Altars:


Message History

The ball python constricts you. The bat misses you.
The jackal bites you but does no damage.
You shoot an arrow.
The arrow closely misses the ball python.
The bat hits you but does no damage. The ball python barely misses you.
The ball python constricts you. The jackal bites you.
The bat hits you but does no damage. The ball python closely misses you.
The ball python constricts you.
You shoot an arrow. The arrow hits the ball python.
The ball python is severely wounded.
The bat misses you.
The jackal bites you but does no damage.
The bat barely misses you. The ball python barely misses you.
The ball python constricts you. The jackal bites you.
You shoot an arrow.
The arrow barely misses the ball python.
The arrow hits the dart slug.
The dart slug is moderately wounded.
The bat hits you but does no damage. x2; The jackal bites you.
The ball python bites you but does no damage.
The ball python constricts you.
The jackal bites you but does no damage.
The ball python barely misses you. The ball python constricts you.
You shoot an arrow.
The arrow closely misses the ball python.
The bat misses you. The jackal bites you. The ball python bites you.
The ball python constricts you.
You shoot an arrow.
The arrow barely misses the ball python.
The bat closely misses you. x2
The jackal bites you but does no damage.
The ball python misses you. The ball python constricts you.
The jackal bites you but does no damage.
You shoot an arrow.
The arrow barely misses the ball python.
The bat barely misses you. x2; The ball python barely misses you.
The ball python constricts you. The jackal bites you.
The ball python bites you but does no damage.
The ball python constricts you.
You die...

#..^#....#
.....#...##.#
#.#####.## .# #
#.# #.## #.#
...### #)# .....
#.# #.# ...
.....##.##h#.##.#
......)..@bg)....
.....#####S#.##.#
.... w.. ... ##%#
## .# #


You could see a dart slug, a jackal, a hobgoblin, a bat and a ball python.

Vanquished Creatures
  A dart slug (D:1)
  2 goblins (D:1)
  3 hobgoblins (D:1)
  3 jackals (D:1)
  2 kobolds (D:1)
  2 ball pythons (D:1)
  2 bats (D:1)
  A frilled lizard (D:1)
  3 rats (D:1)
19 creatures vanquished.

Notes
Turn   | Place    | Note
-------+----------+-------------------------------------------
     0 | D:1      | qw the Deep Elf Hunter began the quest for the Orb.
     0 | D:1      | Reached XP level 1. HP: 12/12 MP: 3/3
     0 | D:1      | 0 ||| qw: Version: 0.3-a-9-g12657ce
     0 | D:1      | 0 ||| qw: Game counter: 3472
     0 | D:1      | 0 ||| qw: Always use a shield: true
     0 | D:1      | 0 ||| qw: God list: Okawaru
     0 | D:1      | 0 ||| qw: Allow faded altars: false
     0 | D:1      | 0 ||| qw: Do Orc after D:15 true
     0 | D:1      | 0 ||| qw: Do second Lair branch before Depths: true
     0 | D:1      | 0 ||| qw: Lair rune preference: random
     0 | D:1      | 0 ||| qw: Plans: Normal
     0 | D:1      | 0 ||| PLANNING D:1-11
   150 | D:1      | Reached XP level 2. HP: 16/16 MP: 4/4
   155 | D:1      | Reached skill level 6 in Ranged Weapons
   217 | D:1      | HP: 4/16 [constriction (1)]
   219 | D:1      | HP: 1/16 [jackal (2)]
   219 | D:1      | Constricted to death by a ball python

Levels and vault maps discovered:
D:1:      psy_arrival_radial02, layout_loops_ring, minmay_lizard_king

Skill      XL: |  1  2 |
---------------+-------+-----
Ranged Weapons | 6 |  6.4
Fighting       | |  1.5
Dodging        | |  2.4
Stealth        | |  1.2

Action                     || total
---------------------------++-------
   Fire: Shortbow          ||    47
 Armour: Leather armour    ||    16
  Dodge: Dodged            ||    25

Table legend:
 A = Non-vault XP
 B = Vault XP
 C = Vault XP percentage of total XP
 D = Non-vault monster count
 E = Vault monster count
 F = Vault count percentage of total count
                 A         B        C        D         E       F
            +---------+---------+-------+---------+---------+-------
      Total |      33 |       0 |   0.0 |      19 |       0 |   0.0
            +---------+---------+-------+---------+---------+-------
        D:1 |      33 |       0 |   0.0 |      19 |       0 |   0.0
            +---------+---------+-------+---------+---------+-------
